 Dungeon Crawl Stone Soup version 0.18.1-47-g9310371 (webtiles) character file.

40 Vincendra the Chucker (level 3, 27/28 HPs)
             Began as a Centaur Arcane Marksman on June 21, 2016.
             Was an Initiate of Gozag.
             Quit the game on level 3 of the Dungeon.
             The game lasted 00:07:40 (1595 turns).

Vincendra the Chucker (Centaur Arcane Marksman)     Turns: 1595, Time: 00:07:40

Health: 27/28      AC:  5    Str: 13    XL:     3   Next: 30%
Magic:  4/4        EV:  8    Int: 12    God:    Gozag
Gold:   111        SH:  0    Dex:  9    Spells: 1 memorised, 3 levels left

rFire  . . .     SeeInvis .     (no weapon)
rCold  . . .     Gourm    .     g - +0 ring mail
rNeg   . . .     Faith    .     (no shield)
rPois  .         Spirit   .     (no helmet)
rElec  .         Dismiss  .     (no cloak)
rCorr  .         Reflect  .     (no gloves)
SustAt .         Harm     .     (no barding)
MR     .....                    (no amulet)
Stlth  ..........               (no ring)
                                (no ring)

@: very quick, not resistant to hostile enchantments, extremely unstealthy
A: hooves 3, deformed body, speed 2, tough skin 3
a: Potion Petition, Call Merchant, Bribe Branch, Renounce Religion


You were on level 3 of the Dungeon.
You worshipped Gozag.
Gozag was noncommittal.
You were not hungry.

You visited 1 branch of the dungeon, and saw 3 of its levels.

You collected 134 gold pieces.
You paid 23 gold pieces to Gozag.

Inventory:

Missiles
 c - a javelin
 d - a throwing net
 n - 3 tomahawks (quivered)
Armour
 a - a +0 robe
 e - a cursed +0 robe
 g - a +0 ring mail (worn)
Scrolls
 h - a scroll of identify {unknown}
 i - 2 scrolls of amnesia {unknown}
 k - a scroll of enchant weapon {unknown}
 l - a scroll of magic mapping {unknown}
 r - 2 scrolls of remove curse {unknown}
 s - a scroll of fear {unknown}
Potions
 j - a potion of haste {unknown}
 m - a potion of might {unknown}
 o - a potion of degeneration {unknown}
 p - a potion of brilliance {unknown}
 q - a potion of mutation {unknown}
 u - a potion of lignification {unknown}
 v - a potion of magic {unknown}
 w - a potion of agility {unknown}
Books
 b - a book of Debilitation

   Spells                             Type                      Level
   a - Corona                         Hexes                        1
   b - Slow                           Hexes                        2
   c - Gell's Gravitas                Hexes/Translocation          3
   d - Inner Flame                    Hexes/Fire                   3
   e - Cause Fear                     Hexes                        4
   f - Leda's Liquefaction            Hexes/Earth                  4
Comestibles
 f - a bread ration
 t - a meat ration


   Skills:
 - Level 1.0 Fighting
 + Level 4.1 Throwing
 - Level 1.3 Dodging
 - Level 1.0 Spellcasting
 - Level 2.7 Hexes


You had 3 spell levels left.
You knew the following spells:

 Your Spells              Type           Power        Failure   Level  Hunger
a - Corona                Hex            #......      28%         1    ##.....


Dungeon Overview and Level Annotations

Branches:
Dungeon (3/15)

Altars:
Gozag
Qazlal


Innate Abilities, Weirdness & Mutations

You have hooves in place of feet.
Armour fits poorly on your strangely shaped body.
You cover ground very quickly.
You have extremely tough skin (AC +3).


Message History

The bat hits you but does no damage.
An orc comes into view. It is wielding a club.
The orc shouts!
The bat hits you but does no damage.
You see here a tomahawk.
There isn't anything to butcher here.
n - a tomahawk The bat closely misses you.
The bat hits you but does no damage.
You hit the bat. Your kick misses the bat.
The bat is moderately wounded.
The bat hits you but does no damage.
The giant cockroach bites you but does no damage.
The bat misses you.
Things that are here:
a javelin; 2 tomahawks
c - a javelin;
n - 3 tomahawks (gained 2)
The bat barely misses you. The giant cockroach barely misses you.
A kobold comes into view.
Are you sure you want to abandon this character and quit the game? (Confirm with "yes".)

.. .. .... #.# # ....##
####.###.#
......##......#.#
...#...........#
.............###
#...........<.
#.@s.......#
#...w......#
#o[b.......#
....#........## #####
..........$...###.....
......>........#.......
............(..........
..K..................(.
..............(.......


You could see a worm, an orc, a giant cockroach, a bat and a kobold (wandering).

Vanquished Creatures
  An ooze (D:2)
  A worm (D:2)
  2 dart slugs
  A giant gecko (D:1)
  A giant cockroach (D:2)
  3 goblins
  3 hobgoblins
  2 jackals (D:2)
  5 kobolds
  A bat (D:1)
  2 giant newts (D:2)
  8 rats
30 creatures vanquished.

Notes
Turn   | Place    | Note
--------------------------------------------------------------
     0 | D:1      | Vincendra the Centaur Arcane Marksman began the quest for the Orb.
     0 | D:1      | Reached XP level 1. HP: 16/16 MP: 2/2
   378 | D:1      | Reached XP level 2. HP: 23/23 MP: 3/3
   401 | D:1      | Reached skill level 3 in Throwing
  1149 | D:2      | Reached XP level 3. HP: 25/28 MP: 4/4
  1183 | D:2      | Found a stormy altar of Qazlal.
  1413 | D:2      | Found an opulent altar of Gozag.
  1420 | D:2      | Became a worshipper of Gozag Ym Sagoz the Greedy
  1429 | D:2      | Reached skill level 4 in Throwing
  1595 | D:3      | Quit the game

Skill      XL: |  1  2  3 |
---------------+----------+-----
Throwing       | 3 4 |  4.1
Fighting       | |  1.0
Dodging        | |  1.3
Spellcasting   | |  1.0
Hexes          | |  2.7

Action                   || total
-------------------------++-------
Melee: Unarmed           ||    25
       Kick              ||     5
Throw: Javelin           ||    55
       Tomahawk          ||    23
       Throwing net      ||     8
  Eat: Chunk             ||     1
Armor: Ring mail         ||    33
Dodge: Dodged            ||    31
